 Dungeon Crawl Stone Soup version 0.18.1-48-g4cf74bf (webtiles) character file.

44 RepoMan the Cudgeler (level 3, -4/27 HPs)
             Began as a Demonspawn Wanderer on Aug 5, 2016.
             Slain by Natasha (6 damage)
             ... on level 1 of the Dungeon.
             The game lasted 00:09:49 (944 turns).

RepoMan the Cudgeler (Demonspawn Wanderer)           Turns: 944, Time: 00:09:50

Health: -4/27      AC:  5    Str: 10    XL:     3   Next: 39%
Magic:  4/4        EV: 10    Int: 14    God:
Gold:   45         SH:  0    Dex: 18    Spells: 0 memorised, 4 levels left

rFire  + . .     SeeInvis .     a - +2 mace
rCold  + . .     Gourm    .     c - +0 ring mail
rNeg   . . .     Faith    .     (no shield)
rPois  +         Spirit   .     (no helmet)
rElec  +         Dismiss  .     (no cloak)
rCorr  +         Reflect  .     (no gloves)
SustAt .         Harm     .     (no boots)
MR     .....                    (no amulet)
Stlth  ++........               (no ring)
                                (no ring)

@: resistant, not resistant to hostile enchantments, unstealthy
A: thin skeletal structure 2
a: no special abilities


You were on level 1 of the Dungeon.
You were not hungry.

You visited 1 branch of the dungeon, and saw 2 of its levels.

You collected 45 gold pieces.

Inventory:

Hand Weapons
 a - a +2 mace (weapon)
 f - a +0 dagger
Missiles
 h - 16 poisoned needles
Armour
 c - a +0 ring mail (worn)
 p - a +1 ring mail of fire resistance
Scrolls
 b - a scroll of teleportation
 e - a scroll of remove curse {unknown}
 g - 2 scrolls of fear {unknown}
 j - 2 scrolls of blinking {unknown}
 k - 2 scrolls of random uselessness {unknown}
 l - a scroll of immolation {unknown}
 m - a scroll of magic mapping {unknown}
Potions
 o - a potion of invisibility {unknown}
Comestibles
 d - 2 bread rations
 n - 2 meat rations
 q - a chunk of flesh


   Skills:
 + Level 1.7 Fighting
 + Level 2.4 Maces & Flails
 - Level 2.0 Armour
 + Level 0.8 Dodging
 + Level 1.1 Stealth
   Level 1.0 Shields
 - Level 1.0 Spellcasting
   Level 1.0 Charms
   Level 1.0 Translocations
   Level 1.0 Evocations


You had 4 spell levels left.
You didn't know any spells.

Dungeon Overview and Level Annotations

Branches:
Dungeon (2/15)

Altars:

Annotations:
D:1 Natasha


Innate Abilities, Weirdness & Mutations

You have a moderately thin skeletal structure (Dex +4, Stealth+).


Message History

Natasha barely misses you. Natasha claws you.
Things that are here:
a whip; 2 stones You see here a stone.
Natasha claws you.
* * * LOW HITPOINT WARNING * * *
There is a stone staircase leading up, spattered with blood here.
Natasha claws you.
* * * LOW HITPOINT WARNING * * *
You climb upwards.
There is a stone staircase leading down here.
Drink which item? (? for menu, Esc to quit)
Okay, then.
Unknown command.
Drink which item? (? for menu, Esc to quit)
It was a potion of resistance.
You feel protected. Natasha claws you.
You die...

####### #.....#
######
##.....######.....
#@.....)..........
#.h....######.....
#......## #.....
#.......# ######
#.#####.# #.# #.#
##
#.#####'#########.
#.#............###
#.#............'..


You could see Natasha.

Vanquished Creatures
  An ooze (D:1)
  A worm (D:2)
  4 giant geckos
  A giant cockroach (D:1)
  4 goblins
  6 hobgoblins (D:1)
  A ball python (D:2)
  6 bats
  2 giant newts
  3 kobolds
  4 rats
33 creatures vanquished.

Notes
Turn   | Place    | Note
--------------------------------------------------------------
     0 | D:1      | RepoMan the Demonspawn Wanderer began the quest for the Orb.
     0 | D:1      | RepoMan set off with: a +2 mace, a scroll of teleportation, a +0 ring mail, a bread ration
     0 | D:1      | Reached XP level 1. HP: 15/15 MP: 2/2
   258 | D:1      | Gained mutation: You have a somewhat thin skeletal structure (Dex +2, Stealth). [demonic ancestry]
   258 | D:1      | Reached XP level 2. HP: 18/21 MP: 3/3
   694 | D:2      | Gained mutation: You have a moderately thin skeletal structure (Dex +4, Stealth+). [demonic ancestry]
   694 | D:2      | Reached XP level 3. HP: 23/26 MP: 4/4
   770 | D:2      | Reached skill level 1 in Stealth
   893 | D:2      | Noticed Natasha
   944 | D:1      | Slain by Natasha

Skill      XL: |  1  2  3 |
---------------+----------+-----
Maces & Flails | 2 |  2.4
Armour         | 2 |  2.0
Stealth        | 1 |  1.1
Fighting       | |  1.7
Dodging        | |  0.8
Shields        | |  1.0
Spellcasting   | |  1.0
Charms         | |  1.0
Translocations | |  1.0
Evocations     | |  1.0

Action                   || total
-------------------------++-------
Melee: Mace              ||    91
  Use: Potion            ||     1
 Stab: Sleeping          ||     2
Armor: Ring mail         ||    35
Dodge: Dodged            ||    52
